 Dungeon Sprint DCSS version 0.18-a0-1350-g404b4cb (webtiles) character file.

170 Kidiri the Covert (level 5, -2/39 (40) HPs)
             Began as a Spriggan Enchanter on Feb 18, 2016.
             Slain by a necrophage (7 damage)
             ... in the Dungeon (Sprint II: "The Violet Keep of Menkaure").
             The game lasted 00:00:53 (22 turns).

Kidiri the Covert (Spriggan Enchanter)                Turns: 22, Time: 00:00:53

HP:   -2/39 (40)    AC:  3    Str:  9    XL:     5   Next: 25%
MP:   7/14          EV: 23    Int: 16    God:
Gold: 0             SH:  0    Dex: 18    Spells: 1 memorised, 14 levels left

rFire  . . .     SeeInvis +     a - +1 dagger
rCold  . . .     Gourm    .     b - +1 robe
rNeg   . . .     Faith    .     (shield restricted)
rPois  .         Spirit   .     (helmet restricted)
rElec  .         Dismiss  .     (no cloak)
rCorr  .         Reflect  .     (gloves unavailable)
SustAt .         Harm     .     (boots unavailable)
MR     .....     NoTele   +     (no amulet)
Stlth  ..........               (no ring)
                                (no ring)

@: berserking, very quick, not resistant to hostile enchantments, extremely
unstealthy
A: unfitting armour, see invisible, herbivore 3, speed 3, slow metabolism 2
a: no special abilities


You were in the Dungeon.
You were not hungry.

You visited 1 branch

Inventory:

Hand Weapons
 a - a +1 dagger (weapon)
Armour
 b - a +1 robe (worn)
Scrolls
 j - a scroll of blinking
Potions
 e - a potion of curing
 f - a potion of heal wounds
 g - a potion of haste
 h - 2 potions of magic
Books
 c - a book of Maledictions

   Spells                             Type                      Level
   a - Corona                         Hexes                        1
   b - Ensorcelled Hibernation        Hexes/Ice                    2
   c - Confuse                        Hexes                        3
   d - Tukima's Dance                 Hexes                        3
   e - Dazzling Spray                 Conjuration/Hexes            3
Comestibles
 d - a bread ration


   Skills:
 + Level 2.4 Fighting
 * Level 5.0 Short Blades
 + Level 2.1 Armour
 * Level 7.1 Dodging
 * Level 8.4 Stealth
 * Level 5.9 Spellcasting
 + Level 5.4 Hexes


You had 14 spell levels left.
You knew the following spells:

 Your Spells              Type           Power        Failure   Level  Hunger
a - Corona                Hex            ###....      1%          1    None


Dungeon Overview and Level Annotations

Branches:
Dungeon (1/1)

Altars:


Innate Abilities, Weirdness & Mutations

You are tiny and cannot use many weapons and most armour.
You have supernaturally acute eyesight.
You are an herbivore.
You cover ground extremely quickly.
You need consume almost no food.


Message History

The necrophage is severely damaged.
The necrophage misses you.
You puncture the necrophage!
You destroy the necrophage!
Your Fighting skill increases to level 2!
Your Short Blades skill gained 2 levels and is now at level 5!
Your Armour skill increases to level 2!
Your Dodging skill gained 2 levels and is now at level 7!
Your Stealth skill increases to level 8!
Your Spellcasting skill increases to level 5!
Your Hexes skill increases to level 5!
You have reached level 5!
You feel agile.
You are too berserk!
You puncture the necrophage!
The necrophage is heavily damaged.
You hit the necrophage.
The necrophage is heavily damaged.
The necrophage hits you!
You die...

## ## H#
#H # .#$
##. #+#
#..B##.##
#+.<.+
#.B.##@##
##. #n# #
.n. ..#..
##. .##
## ##


You could see 2 necrophages.

Vanquished Creatures
  2 necrophages (D)
2 creatures vanquished.

Notes
Turn   | Place    | Note
--------------------------------------------------------------
     0 | D        | Kidiri the Spriggan Enchanter began the quest for the Orb.
     0 | D        | Reached XP level 1. HP: 9/9 MP: 5/5
     1 | D        | Noticed a hippogriff
     1 | D        | Noticed a hippogriff
     4 | D        | Noticed a boulder beetle
     4 | D        | Noticed a boulder beetle
     7 | D        | Noticed a necrophage
     7 | D        | Noticed a necrophage
     7 | D        | Noticed a necrophage
     7 | D        | Noticed a necrophage
    13 | D        | Killed a necrophage
    13 | D        | Reached skill level 1 in Fighting
    13 | D        | Reached skill level 1 in Armour
    13 | D        | Reached skill level 5 in Dodging
    13 | D        | Reached skill level 7 in Stealth
    13 | D        | Reached XP level 2. HP: 7/14 MP: 5/8
    13 | D        | Reached XP level 3. HP: 8/17 MP: 6/10
    13 | D        | Reached XP level 4. HP: 10/22 MP: 6/11
    19 | D        | Killed a necrophage
    19 | D        | Reached skill level 5 in Short Blades
    19 | D        | Reached skill level 8 in Stealth
    19 | D        | Reached skill level 5 in Spellcasting
    19 | D        | Reached skill level 5 in Hexes
    19 | D        | Reached XP level 5. HP: 5/26 MP: 7/14
    22 | D        | Slain by a necrophage

Vault maps used:
D:        the_violet_keep_of_menkaure

Action                   |  1- 3 |  4- 6 || total
-------------------------+-------+-------++-------
Melee: Dagger            |     4 |     8 ||    12
  Use: Potion            |     1 |       ||     1
